AoeStats
← Lancia57DxD

MegaRandom

508708265Analyzed
4v4 RM · 10d ago on Sep 23, 2026· 40m 48s· 8 players
Game mode
Random Map
Map size
Large (8 player)
Population
200
Speed
Normal
Resources
Standard
Victory
Conquest
Starting age
Dark Age
Ending age
Imperial Age
RankedLock teamsTeams togetherTeam positionsShared explorationLock speedFull tech treeHidden civsTurbo modeCheats
Victory
Defeat
🇬🇧 Maya · United Kingdom
1033
+16
🇹🇼 Byzantines · Taiwan
1032
+16
🇨🇳 Bohemians · China
1014
+17
🇺🇦 Varangians · Ukraine
936
+20
🇦🇷 Berbers · Argentina
1095
-20
🇨🇦 Poles · Canada
1028
-17
🇦🇷 Byzantines · Argentina
1026
-17
🇧🇷 Britons · Brazil
967
-15
Elite Seraphim
8:51 Loom
13:01 Feudal Age
15:11 Double-Bit Axe
16:07 Wheelbarrow
15:15 Horse Collar
18:44 Castle Age
21:00 Forging
20:56 Scale Barding Armor
21:37 Bloodlines
21:28 Husbandry
22:27 Bow Saw
24:26 Fletching
28:24 Hand Cart
29:09 Iron Casting
28:22 Arson
31:33 Scale Mail Armor
31:39 Squires
34:37 Heavy Plow
35:22 Chain Mail Armor
37:30 Chain Barding Armor
40:34 Imperial Age
40:14 Light Cavalry
40:20 Light Cavalry
Milton Caskito
9:07 Loom
12:40 Feudal Age
17:35 Castle Age
16:56 Fletching
17:21 Double-Bit Axe
21:26 Bodkin Arrow
24:01 Gold Mining
24:26 Bow Saw
26:50 Horse Collar
29:46 Padded Archer Armor
30:15 Heavy Plow
30:11 Stone Mining
35:04 Imperial Age
37:01 Conscription
39:09 Elite Camel Archer
41:11 Wheelbarrow
40:21 Town Watch
pedroneto1101
11:27 Feudal Age
12:02 Double-Bit Axe
13:02 Horse Collar
13:16 Loom
14:08 Wheelbarrow
14:33 Fishing Lines
20:42 Castle Age
18:39 Stone Mining
19:01 Forging
18:57 Scale Barding Armor
18:53 Scale Mail Armor
19:01 Padded Archer Armor
19:35 Gold Mining
22:16 Gold Shaft Mining
22:05 Squires
21:30 Man-at-Arms
23:04 Town Watch
23:57 Hand Cart
27:40 Bow Saw
28:08 Gambesons
28:27 Crossbowman
29:00 Fletching
29:24 Squires
31:16 Heavy Plow
31:27 Gillnets
31:28 Long Swordsman
31:30 Pikeman
31:56 Arson
34:23 Town Patrol
35:04 Bodkin Arrow
35:24 Leather Archer Armor
35:16 Caravan
39:54 Imperial Age
CheLoco3552
12:01 Feudal Age
13:18 Double-Bit Axe
17:47 Castle Age
18:47 Bow Saw
18:21 Horse Collar
21:09 Wheelbarrow
20:22 Loom
21:13 Wheelbarrow
22:19 Scale Barding Armor
22:27 Forging
26:16 Iron Casting
25:51 Scale Barding Armor
28:42 Iron Casting
33:53 Imperial Age
34:42 Padded Archer Armor
34:53 Stone Mining
35:01 Gold Mining
35:01 Stone Mining
36:50 Chemistry
38:55 Hoardings
40:22 Ballistics
Mugetsu
0:43 Loom
11:21 Feudal Age
11:57 Double-Bit Axe
11:56 Horse Collar
13:44 Town Watch
14:34 Wheelbarrow
20:05 Castle Age
18:08 Arson
18:49 Scale Mail Armor
19:20 Forging
19:39 Gold Mining
20:21 Eagle Warrior
21:01 Squires
21:58 Chain Mail Armor
25:19 Bow Saw
25:30 Heavy Plow
28:44 Iron Casting
29:51 Stone Mining
34:33 Imperial Age
32:45 Fletching
33:37 Bodkin Arrow
33:42 Padded Archer Armor
34:40 Elite Eagle Warrior
36:14 Plate Mail Armor
37:18 Conscription
37:35 Holcans
ODIUM UA
11:28 Loom
13:34 Feudal Age
14:56 Horse Collar
17:28 Castle Age
15:57 Scale Mail Armor
16:08 Forging
15:53 Arson
16:01 Double-Bit Axe
17:17 Gold Mining
18:28 Squires
19:45 Chain Mail Armor
19:36 Gambesons
20:46 Bow Saw
25:02 Heavy Plow
27:43 Fishing Lines
28:53 Iron Casting
32:14 Wheelbarrow
37:22 Scale Barding Armor
36:56 Vendel Legacy
38:29 Hand Cart
38:28 Bloodlines
38:19 Husbandry
38:51 Chain Barding Armor
39:47 Town Watch
箭无虚发
10:57 Feudal Age
11:28 Double-Bit Axe
17:13 Castle Age
30:22 Imperial Age
28:57 Wheelbarrow
28:05 Horse Collar
28:58 Bow Saw
29:56 Squires
29:17 Pikeman
30:55 Forging
30:45 Scale Mail Armor
31:12 Ballistics
31:53 Chemistry
31:29 Conscription
33:17 Iron Casting
32:57 Chain Mail Armor
32:48 Scale Barding Armor
32:07 Halberdier
34:52 Hand Cart
34:24 Loom
34:25 Town Watch
39:17 Heavy Plow
39:51 Plate Mail Armor
40:21 Blast Furnace
39:50 Wagenburg Tactics
40:33 Arson
Lancia57DxD
0:40 Loom
11:53 Feudal Age
14:05 Double-Bit Axe
15:32 Wheelbarrow
17:40 Castle Age
16:10 Horse Collar
17:18 Gold Mining
17:23 Fletching
19:33 Padded Archer Armor
19:34 Scale Mail Armor
20:20 Gambesons
20:48 Elite Skirmisher
24:27 Fishing Lines
25:40 Squires
27:13 Fervor
30:37 Thumb Ring
30:39 Husbandry
30:39 Bodkin Arrow
32:58 Leather Archer Armor
35:39 Bow Saw
35:46 Medium Warships
35:24 Treadmill Crane
35:28 Light Cavalry
37:02 Gillnets
37:24 Murder Holes
38:45 Heresy
38:43 Chain Mail Armor
41:08 Ballistics
Connection lost

Rejoining the realm…

Still unreachable

The connection could not be restored.

Session expired

The server has moved on; the page needs a fresh start.